 Dungeon Crawl Stone Soup version 0.27-b1-16-g6517624069 (webtiles) character file.

Game seed: 156322508157563927

289 Urokeeper the Cudgeller (level 6, -4/37 HPs)
             Began as a Gargoyle Gladiator on July 26, 2021.
             Slain by a gnoll (6 damage)
             ... on level 4 of the Dungeon.
             The game lasted 00:10:29 (4010 turns).

Urokeeper the Cudgeller (Gargoyle Gladiator)        Turns: 4010, Time: 00:10:29

Health: -4/37      AC: 16    Str: 19    XL:     6   Next: 31%
Magic:  6/6        EV:  8    Int:  9    God:
Gold:   185        SH:  0    Dex: 11    Spells: 5/5 levels left

rFire    . . .     SeeInvis .   a - +0 flail
rCold    . . .     Faith    .   (no shield)
rNeg     + . .     Spirit   .   x - +0 chain mail
rPois    ∞         Reflect  .   c - +0 helmet
rElec    +         Harm     .   (no cloak)
rCorr    .         Rampage  .   (no gloves)
Will     .....                  e - +0 pair of boots
Stlth    ..........             (no amulet)
HPRegen  0.12/turn              (no ring)
MPRegen  0.10/turn              (no ring)

@: no status effects
A: sickness immunity, AC +4, negative energy resistance 1, electricity
resistance, torment resistance 1, petrification resistance
a: no special abilities


You were on level 4 of the Dungeon.
You visited 1 branch of the dungeon, and saw 4 of its levels.

You collected 185 gold pieces.

Inventory:

Hand Weapons
 a - a +0 flail (weapon)
Missiles
 d - 3 throwing nets (quivered)
 t - 22 arrows
 y - 30 bolts
Armour
 b - a +0 leather armour
 c - a +0 helmet (worn)
 e - a +0 pair of boots (worn)
 s - a +0 scale mail
 x - a +0 chain mail (worn)
Magical Staves
 u - a staff of poison
Jewellery
 m - a ring of ice
 q - a +4 ring of protection
Scrolls
 j - a scroll of noise {unknown}
 n - a scroll of teleportation {unknown}
 p - a scroll of magic mapping {unknown}
 r - a scroll of identify {unknown}
 v - a scroll of enchant armour {unknown}
 w - a scroll of fog {unknown}
 z - a scroll of immolation {unknown}
Potions
 f - 2 potions of degeneration {unknown}
 g - 2 potions of brilliance {unknown}
 h - 2 potions of curing {unknown}
 i - a potion of heal wounds {unknown}
 k - 2 potions of haste {unknown}
 l - a potion of resistance {unknown}
 o - a potion of attraction {unknown}


   Skills:
 + Level 3.1 Fighting
 + Level 4.9 Maces & Flails
 + Level 1.9 Throwing
 + Level 3.6 Armour
 + Level 3.0 Dodging


You had 5 spell levels left.
You didn't know any spells.
Your spell library was empty.

Dungeon Overview and Level Annotations

Branches:
Dungeon (4/15)
 Temple: D:4-7

Altars:


Innate Abilities, Weirdness & Mutations

You are immune to sickness and miasma.
Your stone body is resilient. (AC +4)
You are immune to poison.
You resist negative energy. (rN+)
You are resistant to electric shocks. (rElec)
You are resistant to unholy torment.
You are immune to petrification.


Message History

A gnoll comes into view. It is wielding a +0 whip.
You're too confused to move!
The gnoll hits you from afar with a +0 halberd!
Something hits you but does no damage.
Non-targeted confused throw: 3 throwing nets
Press: ? - help, Q - select action Dir - look around, f - activate
Okay, then.
Your chain mail prevents you from hitting something.
The gnoll hits you from afar with a +0 halberd!
Something hits you but does no damage.
You feel less confused.
You hit something.
You hear some strange, mumbled words.
A magic dart appears from out of thin air!
The magic dart hits you but does no damage.
You miss something. The gnoll hits you but does no damage.
Something hits you but does no damage.
You closely miss something. The gnoll misses you.
You hear some strange, mumbled words.
Something tries to affect you, but you resist.
You miss something. The gnoll barely misses you.
Something hits you but does no damage.
The gnoll hits you from afar with a +0 halberd.
* * * LOW HITPOINT WARNING * * *
Something hits you but does no damage.
You closely miss something. The gnoll barely misses you.
You hear some strange, mumbled words.
A puff of flame appears from out of thin air!
The puff of flame hits you.
* * * LOW HITPOINT WARNING * * *
You closely miss something. The gnoll hits you but does no damage.
You hear some strange, mumbled words.
Something tries to affect you, but you resist.
You hit something but do no damage.
The gnoll hits you from afar with a +0 halberd.
* * * LOW HITPOINT WARNING * * *
Something hits you but does no damage.
You hit something.
The gnoll hits you from afar with a +0 halberd.
You die... .. .### ...## .... gg#

#g#
#g##
#.{#
##@##
#..#
##.##
#..#
##.##
#.)#
##.#
#.#
#.#


You could see 4 gnolls.

Vanquished Creatures
  A bullfrog skeleton (D:4)
  3 hounds (D:4)
  An orc wizard (D:2)
  A killer bee zombie (D:4)
  A hound skeleton (D:3)
  2 adders
  An ufetubus (D:4)
  An adder skeleton (D:4)
  A worm (D:2)
  5 dart slugs
  4 orcs
  6 ball pythons
  3 endoplasms
  2 giant cockroaches (D:1)
  4 hobgoblins
  9 jackals (D:1)
  2 quokkas
  3 bats
  3 frilled lizards
  7 goblins
  8 kobolds
  A quokka skeleton (D:4)
  5 rats
74 creatures vanquished.

Notes
Turn   | Place    | Note
-------+----------+-------------------------------------------
     0 | D:1      | Urokeeper the Gargoyle Gladiator began the quest for the
                  | Orb.
     0 | D:1      | Reached XP level 1. HP: 12/12 MP: 1/1
   234 | D:1      | Reached XP level 2. HP: 17/17 MP: 2/2
   400 | D:1      | Found a faded altar of an unknown god.
   769 | D:1      | Reached XP level 3. HP: 21/21 MP: 3/3
   867 | D:1      | Reached skill level 1 in Armour
  1562 | D:2      | Reached skill level 4 in Maces & Flails
  1562 | D:2      | Reached XP level 4. HP: 11/27 MP: 4/4
  2493 | D:3      | Reached XP level 5. HP: 31/31 MP: 5/5
  3590 | D:4      | Reached XP level 6. HP: 23/36 MP: 6/6
  4010 | D:4      | Slain by a gnoll

Illustrated notes

Levels and vault maps discovered:
D:1:      evilmike_arrival_fibonacci_small, layout_basic,
          shapermc_ecumenical_altar_starsandcircs, minmay_misc_feat_pillars,
          kennysheep_decorative_pillar
D:2:      layout_basic
D:3:      layout_basic
D:4:      layout_basic

Skill      XL: |  1  2  3  4  5  6 |
---------------+-------------------+-----
Armour         | 1 3 |  3.6
Maces & Flails | 4 |  4.9
Dodging        | 3 |  3.0
Fighting       | 3 |  3.1
Throwing       | |  1.9

Action                   |  1- 3 |  4- 6 || total
-------------------------+-------+-------++-------
Melee: Flail             |   119 |   158 ||   277
Armor: Leather armour    |    74 |    15 ||    89
       Scale mail        |       |    41 ||    41
       Chain mail        |       |    57 ||    57
Dodge: Dodged            |   121 |    87 ||   208
